 Dungeon Crawl Stone Soup version 0.21-a0-2-ge494091 (webtiles) character file.

226 mopl the Sneak (level 5, 0/29 HPs)
             Began as a Deep Elf Assassin on May 21, 2017.
             Was a Believer of Kikubaaqudgha.
             Slain by an orc
             ... wielding a +0 club
              (2 damage)
             ... on level 3 of the Dungeon.
             The game lasted 00:07:49 (4409 turns).

mopl the Sneak (Deep Elf Assassin)                  Turns: 4409, Time: 00:07:51

Health: 0/29       AC:  4    Str:  8    XL:     5   Next: 69%
Magic:  7/7        EV: 12    Int: 16    God:    Kikubaaqudgha [**....]
Gold:   114        SH:  0    Dex: 17    Spells: 1/4 levels left

rFire    . . .     SeeInvis +   a - +0 short sword (venom)
rCold    . . .     Gourm    .   (no shield)
rNeg     . . .     Faith    .   c - +0 robe
rPois    .         Spirit   .   D - +0 helmet
rElec    .         Reflect  .   d - +0 cloak
rCorr    .         Harm     .   (no gloves)
MR       +....                  (no boots)
Stlth    ++++......             (no amulet)
Regen    0.1/turn               h - ring of protection from magic
MPRegen  0.1/turn               i - ring of see invisible

@: no status effects
A: no striking features
a: Receive Corpses, Renounce Religion


You were on level 3 of the Dungeon.
You worshipped Kikubaaqudgha.
Kikubaaqudgha was pleased with you.
You were hungry.

You visited 1 branch of the dungeon, and saw 3 of its levels.

You collected 114 gold pieces.

Inventory:

Hand Weapons
 a - a +0 short sword of venom (weapon)
 b - a +0 blowgun
 q - a +2 dagger
Missiles
 e - 15 poisoned needles
 f - 2 curare-tipped needles
 F - a tomahawk (quivered)
Armour
 c - a +0 robe (worn)
 d - a +0 cloak (worn)
 D - a +0 helmet (worn)
Jewellery
 h - a ring of protection from magic (left hand)
 i - a ring of see invisible (right hand)
Wands
 z - a wand of confusion (21/48)
Scrolls
 j - a scroll of enchant armour {unknown}
 k - 3 scrolls of teleportation
 m - 2 scrolls of fog {unknown}
 n - a scroll of identify {unknown}
 p - 2 scrolls of remove curse
 r - a scroll of amnesia {unknown}
 s - a scroll of blinking {unknown}
 w - a scroll of immolation {unknown}
 x - a scroll of enchant weapon {unknown}
 y - a scroll of fear {unknown}
Potions
 o - 2 potions of flight
 C - a potion of curing {unknown}
 E - a potion of mutation {unknown}
Books
 A - Kikubaaqudgha's Almanac of Evil Rituals
   (Kikubaaqudgha gifted it to you on level 3 of the Dungeon)

   Spells                             Type                      Level
   a - Animate Skeleton               Necromancy                   1
   b - Corpse Rot                     Necromancy                   2
   c - Sublimation of Blood           Necromancy                   2
   d - Vampiric Draining              Necromancy                   3
   e - Control Undead                 Necromancy                   4
Comestibles
 g - 2 bread rations
 l - 3 fruits
 t - 2 royal jellies
 v - 2 meat rations
 B - 4 chunks of flesh


   Skills:
 - Level 1.5 Fighting
 + Level 3.0 Short Blades
 + Level 3.3 Throwing
 - Level 1.2 Dodging
 * Level 6.9 Stealth
 + Level 0.3 Spellcasting
 + Level 1.7 Necromancy
 + Level 1.2 Evocations


You had one spell level left.
You knew the following spells:

 Your Spells              Type           Power        Failure   Level  Hunger
c - Corpse Rot            Necr           N/A          19%         2    ###....
x - Animate Skeleton      Necr           N/A          12%         1    ##.....


Dungeon Overview and Level Annotations

Branches:
Dungeon (3/15)

Altars:
Kikubaaqudgha
Xom


Message History

* * * LOW HITPOINT WARNING * * *
The orc hits you with a club.
* * * LOW HITPOINT WARNING * * *
You see here a tomahawk.
Unknown command.
It was a potion of flight.
You feel very buoyant.
You fly up into the air.
You are feeling hungry.
The orc wizard casts a spell at you. The magic dart hits you!
* * * LOW HITPOINT WARNING * * *
The orc hits you but does no damage.
It was a potion of cancellation.
Your magical effects are unravelling.
You feel magically purged.
You float gracefully downwards.
The orc wizard mumbles some strange words.
The orc wizard blinks!
The orc hits you with a club.
You die...
Kikubaaqudgha rasps: "You have failed me!
Welcome... death!"

#.##..#####..<.
###.###.......#
###############.##.........
#.............[...........#
##########..ZZ...........##
#####...##.>...<#
###o.#.....#####
####..........# #
##.@o......>...#####
#.()................
#...###)..............
o.....# ##ยง.........####
...### #.......#..)..... ..
..#..#######..... . ....##
#..... .#.## ##.... ..
####....


You could see an orc wizard and an orc.

Vanquished Creatures
  A bullfrog skeleton (D:3)
  An orc priest (D:2)
  Robin (D:2)
  6 adders
  4 dart slugs (D:2)
  5 orcs
  8 bats
  3 giant cockroaches
  18 goblins
  13 hobgoblins
  11 kobolds
  A quokka (D:2)
  3 ball pythons (D:3)
  3 frilled lizards (D:2)
  10 rats
88 creatures vanquished.

Notes
Turn   | Place    | Note
-------+----------+-------------------------------------------
     0 | D:1      | mopl the Deep Elf Assassin began the quest for the Orb.
     0 | D:1      | Reached XP level 1. HP: 12/12 MP: 3/3
   125 | D:1      | Reached skill level 5 in Stealth
   513 | D:1      | Reached XP level 2. HP: 16/16 MP: 4/4
   964 | D:2      | Reached XP level 3. HP: 20/20 MP: 5/5
  1068 | D:2      | Reached skill level 6 in Stealth
  1179 | D:2      | Found an ancient bone altar of Kikubaaqudgha.
  1216 | D:2      | Became a worshipper of Kikubaaqudgha
  1499 | D:2      | Reached XP level 4. HP: 25/25 MP: 6/6
  2123 | D:2      | Reached skill level 3 in Throwing
  2464 | D:3      | Reached * piety under Kikubaaqudgha
  2464 | D:3      | Identified Kikubaaqudgha's Almanac of Evil Rituals (Kikubaaqudgha gifted it to you on level 3 of the Dungeon)
  2464 | D:3      | Received a gift from Kikubaaqudgha
  2567 | D:2      | Learned a level 1 spell: Animate Skeleton
  2570 | D:2      | Learned a level 2 spell: Corpse Rot
  2848 | D:3      | Reached skill level 1 in Necromancy
  2997 | D:3      | Noticed Robin
  3023 | D:3      | Reached XP level 5. HP: 23/29 MP: 7/7
  3392 | D:2      | Killed Robin
  4162 | D:3      | Reached skill level 3 in Short Blades
  4184 | D:3      | Reached skill level 1 in Evocations
  4345 | D:3      | Found a shimmering altar of Xom.
  4404 | D:3      | Reached ** piety under Kikubaaqudgha
  4409 | D:3      | Slain by an orc

Vault maps used:
D:1:      tarquinn_simple_flora_water_b, serial_bayou_crossing
D:2:      first_bread, lemuel_tele_altar
D:3:      marbit_many_paths, uniq_robin

Skill      XL: |  1  2  3  4  5 |
---------------+----------------+-----
Stealth        | 5 6 |  6.9
Throwing       | 3 |  3.3
Necromancy     | 1 |  1.7
Short Blades   | 3 |  3.0
Evocations     | 1 |  1.2
Fighting       | |  1.5
Dodging        | |  1.2
Spellcasting   | |  0.3

Action                   |  1- 3 |  4- 6 || total
-------------------------+-------+-------++-------
Melee: Dagger            |    40 |       ||    40
       Short sword       |    38 |   169 ||   207
 Fire: Blowgun           |    26 |       ||    26
 Cast: Animate Skeleton  |       |    10 ||    10
  Use: Scroll            |       |     2 ||     2
       Potion            |       |     2 ||     2
 Stab: Sleeping          |     6 |     3 ||     9
  Eat: Chunk             |     2 |     9 ||    11
Armor: Robe              |    22 |    43 ||    65
Dodge: Dodged            |    67 |   154 ||   221
